 Dungeon Crawl Stone Soup version 0.28.0 (webtiles) character file.

Game seed: 1859638649548633229

4066 Ayyar the Quickloader (level 10, -14/74 HPs)
             Began as a Gnoll Wanderer on Apr 22, 2022.
             Was a Priest of Okawaru.
             Demolished by a death yak (21 damage)
             ... on level 8 of the Dungeon.
             The game lasted 00:25:27 (9108 turns).

Ayyar the Quickloader (Gnoll Wanderer)              Turns: 9108, Time: 00:25:27

Health: -14/74     AC:  7    Str: 14    XL:     10   Next: 25%
Magic:  18/18      EV: 14    Int: 12    God:    Okawaru [***...]
Gold:   297        SH:  0    Dex: 13    Spells: 19/20 levels left

rFire   . . .      SeeInvis .   b - +2 war axe (elec)
rCold   + . .      Faith    .   (no shield)
rNeg    . . .      Spirit   .   d - +0 leather armour
rPois   .          Reflect  .   h - +0 helmet
rElec   .          Harm     .   (no cloak)
rCorr   .          Rampage  .   m - +0 pair of gloves
Will    .....                   c - +0 pair of boots
Stlth   +++.......              (no amulet)
HPRegen 0.22/turn               k - ring of protection from cold
MPRegen 0.16/turn               (no ring)

@: hasted, very quick
A: fangs 1, strong nose, distributed training
a: Renounce Religion, Heroism


You were on level 8 of the Dungeon.
You worshipped Okawaru.
Okawaru was most pleased with you.
You visited 2 branches of the dungeon, and saw 9 of its levels.
You also visited: Sewer and Ossuary.

You collected 297 gold pieces.

Inventory:

Hand Weapons
 a - a +2 hand crossbow
 b - a +2 war axe of electrocution (weapon)
Missiles
 D - 12 bolts
Armour
 c - a +0 pair of boots (worn)
 d - a +0 leather armour (worn)
 h - a +0 helmet (worn)
 m - a +0 pair of gloves (worn)
 y - a +0 kite shield
Jewellery
 k - a ring of protection from cold (left hand)
 z - a ring of ice
Wands
 g - a wand of iceblast (10)
 p - a wand of paralysis (10)
 H - a wand of acid (13)
Scrolls
 e - a scroll of immolation {unknown}
 f - 4 scrolls of identify {unknown}
 i - a scroll of fog {unknown}
 j - 4 scrolls of enchant armour {unknown}
 l - a scroll of blinking
 o - 3 scrolls of teleportation {unknown}
 t - a scroll of acquirement {unknown}
 A - a scroll of fear {unknown}
 I - a scroll of magic mapping {unknown}
Potions
 n - 2 potions of lignification {unknown}
 q - 2 potions of attraction {unknown}
 r - a potion of haste
 s - a potion of brilliance {unknown}
 u - 3 potions of might {unknown}
 v - a potion of mutation {unknown}
 w - a potion of berserk rage {unknown}
 x - a potion of cancellation {unknown}
 B - a potion of curing {unknown}
 E - a potion of degeneration {unknown}
 F - a potion of invisibility {unknown}
 G - a potion of magic {unknown}


   Skills:
 + Level 5.1 Fighting
 + Level 5.1 Short Blades
 + Level 5.1 Long Blades
 + Level 5.1 Axes
 + Level 5.1 Maces & Flails
 + Level 5.1 Polearms
 + Level 5.1 Staves
 + Level 5.1 Slings
 + Level 5.1 Bows
 + Level 8.4 Crossbows
 + Level 5.1 Throwing
 + Level 5.1 Armour
 + Level 6.9 Dodging
 + Level 5.1 Stealth
 + Level 5.1 Shields
 + Level 5.1 Unarmed Combat
 + Level 5.9 Spellcasting
 + Level 4.2 Conjurations
 + Level 4.2 Hexes
 + Level 4.2 Summonings
 + Level 4.2 Necromancy
 + Level 7.0 Translocations
 + Level 4.2 Transmutations
 + Level 4.2 Fire Magic
 + Level 4.2 Ice Magic
 + Level 4.2 Air Magic
 + Level 4.2 Earth Magic
 + Level 4.2 Poison Magic
 + Level 6.2 Invocations
 + Level 5.1 Evocations


You had 19 spell levels left.
You knew the following spells:

 Your Spells              Type           Power      Damage    Failure   Level
a - Apportation           Tloc           40%        N/A       1%          1

Your spell library contained the following spells:

 Spells                   Type           Power      Damage    Failure   Level
 Static Discharge         Conj/Air       13%        N/A       6%          2
 Portal Projectile        Hex/Tloc       34%        N/A       7%          3
 Passage of Golubria      Tloc           20%        N/A       12%         4
 Dispel Undead            Necr           13%        3d9       36%         4
 Sticky Flame             Conj/Fire      13%        2d4       36%         4
 Yara's Violent Unravell  Hex/Tmut       6%         3d5       73%         5
 Tukima's Dance           Hex            Unusable   N/A       N/A         3

Dungeon Overview and Level Annotations

Branches:
Dungeon (8/15)             Temple (1/1) D:5            Lair (0/6) D:8
  Sewer (visited)         Ossuary (visited)

Altars:
Ashenzari
Cheibriados
Dithmenos
Elyvilon
Fedhas
Gozag
Hepliaklqana
Kikubaaqudgha
Makhleb
Nemelex Xobeh
Okawaru
Qazlal
Ru
Sif Muna
Trog
Uskayaw
Vehumet
Wu Jian
Xom
Yredelemnul
Zin
The Shining One

Shops:
D:1 (   D:2 (   D:4 (

Annotations:
D:2 Sigmund


Innate Abilities, Weirdness & Mutations

You have very sharp teeth.
Your uncanny sense of smell can sniff out nearby items.
Your experience applies equally to all skills.


Message History

Your Translocations skill increases to level 7!
You hit the death yak but do no damage.
You bite the death yak, but do no damage.
The death yak is moderately wounded.
You hit the black bear.
You kill the black bear!
Okawaru accepts your kill. The death yak gores you!!
* * * LOW HITPOINT WARNING * * *
The death yak closely misses you.
You feel much better.
The death yak gores you but does no damage.
You hit the death yak.
You bite the death yak, but do no damage.
The death yak is moderately wounded.
The death yak gores you!
* * * LOW HITPOINT WARNING * * *
You feel yourself speed up. The death yak barely misses you.
You slash the death yak!
Lightning courses through the death yak!
The death yak is heavily wounded.
The death yak gores you!
* * * LOW HITPOINT WARNING * * *
You barely miss the death yak.
The death yak is heavily wounded.
The death yak misses you.
You hit the death yak.
Lightning courses through the death yak!
The death yak is severely wounded.
You hit the death yak but do no damage. Your bite misses the death yak.
The death yak is severely wounded.
The death yak barely misses you.
You hit the death yak but do no damage.
The death yak is severely wounded.
The death yak barely misses you.
You slash the death yak!
You bite the death yak, but do no damage.
The death yak is almost dead.
The death yak gores you!!
You die...

####.(# #.# #..........#
##.###.# #..#######.#
#..##.# #..#######.
####.##<# #..........
#.......####....####..
##.##.####.......#
#......##.#....##
####..##..#.###.†.##
......#.....##.Y@..#
#.##......###...†...#
..###...#...#.P..P..#
.#....................
........##.#...........#
...####.##......>.......
........................
....###.##..............
....# #.# .#..P


You could see a death yak.

Vanquished Creatures
  A steam dragon (D:7)
  A wyvern (D:8)
  Edmund (D:4)
  Menkaure (D:5)
  A sky beast (D:8)
  An ice beast (D:6)
  5 black bears
  An orc warrior (D:8)
  A necrophage (D:4)
  3 ogres (D:5)
  4 centaurs
  2 phantoms
  3 kobold brigands
  5 bullfrogs
  3 elf zombies (Ossuary)
  A wyvern zombie (D:7)
  4 scorpions
  A centaur zombie (Ossuary)
  2 bullfrog zombies
  A human zombie (Ossuary)
  4 orc priests
  3 hounds (D:5)
  A jelly (D:4)
  2 centaur skeletons (D:7)
  3 iguanas
  3 orc wizards
  3 killer bee zombies
  2 hound skeletons (D:4)
  2 mummies (Ossuary)
  Robin (D:2)
  7 gnolls
  5 adders
  A shadow imp (D:6)
  3 white imps
  An ufetubus (D:5)
  2 adder zombies (Ossuary)
  4 worms
  3 dart slugs
  17 orcs
  4 bats
  6 endoplasms
  8 giant cockroaches
  13 goblins
  11 hobgoblins
  5 quokkas
  15 ball pythons
  10 frilled lizards
  A goblin zombie (Ossuary)
  6 hobgoblin zombies (Ossuary)
  2 jackal zombies (Ossuary)
  17 kobolds
  12 kobold zombies (Ossuary)
  9 orc zombies (Ossuary)
  4 rats (D:3)
232 creatures vanquished.

Notes
Turn   | Place    | Note
-------+----------+-------------------------------------------
     0 | D:1      | Ayyar the Gnoll Wanderer began the quest for the Orb.
     0 | D:1      | Ayyar set off with the following items: a +2 hand crossbow,
                  | 23 bolts, a +0 pair of boots, a +0 leather armour; and the
                  | following spell memorised: Apportation; and the following
                  | spells available to memorise: Portal Projectile
     0 | D:1      | Reached XP level 1. HP: 13/13 MP: 4/4
   159 | D:1      | Reached XP level 2. HP: 19/19 MP: 5/5
   312 | D:1      | Found Dacaitis's Weapon Emporium.
   445 | D:2      | Found Poniosyp's Weapon Boutique.
   475 | D:2      | Reached XP level 3. HP: 25/25 MP: 7/7
   723 | D:2      | Noticed Robin
   746 | D:2      | Killed Robin
   749 | D:2      | Reached skill level 1 in Fighting
   749 | D:2      | Reached skill level 1 in Short Blades
   749 | D:2      | Reached skill level 1 in Long Blades
   749 | D:2      | Reached skill level 1 in Axes
   749 | D:2      | Reached skill level 1 in Maces & Flails
   749 | D:2      | Reached skill level 1 in Polearms
   749 | D:2      | Reached skill level 1 in Staves
   749 | D:2      | Reached skill level 1 in Slings
   749 | D:2      | Reached skill level 1 in Bows
   749 | D:2      | Reached skill level 1 in Throwing
   749 | D:2      | Reached skill level 1 in Armour
   749 | D:2      | Reached skill level 1 in Stealth
   749 | D:2      | Reached skill level 1 in Shields
   749 | D:2      | Reached skill level 1 in Unarmed Combat
   749 | D:2      | Reached skill level 1 in Evocations
  1034 | D:2      | Noticed Sigmund
  1388 | D:3      | Reached XP level 4. HP: 32/32 MP: 8/8
  1588 | D:3      | Found a glowing drain.
  1595 | D:3      | Reached skill level 1 in Conjurations
  1595 | D:3      | Reached skill level 1 in Hexes
  1595 | D:3      | Reached skill level 1 in Summonings
  1595 | D:3      | Reached skill level 1 in Necromancy
  1595 | D:3      | Reached skill level 1 in Transmutations
  1595 | D:3      | Reached skill level 1 in Fire Magic
  1595 | D:3      | Reached skill level 1 in Ice Magic
  1595 | D:3      | Reached skill level 1 in Air Magic
  1595 | D:3      | Reached skill level 1 in Earth Magic
  1595 | D:3      | Reached skill level 1 in Poison Magic
  1628 | Sewer    | Entered a sewer
  1673 | Sewer    | Reached XP level 5. HP: 27/37 MP: 9/9
  1963 | Sewer    | Reached XP level 6. HP: 22/44 MP: 9/11
  2536 | D:4      | Found Wimif's Weapon Emporium.
  2560 | D:4      | Noticed a necrophage
  2570 | D:4      | Killed a necrophage
  2571 | D:4      | Reached skill level 5 in Dodging
  2848 | D:4      | Reached XP level 7. HP: 50/50 MP: 12/12
  2998 | D:4      | Reached skill level 7 in Crossbows
  3143 | D:4      | Noticed Edmund
  3162 | D:4      | Killed Edmund
  3780 | D:5      | Entered Level 5 of the Dungeon
  3791 | D:5      | Found a staircase to the Ecumenical Temple.
  3797 | Temple   | Entered the Ecumenical Temple
  4053 | Temple   | Became a worshipper of Warmaster Okawaru
  4277 | D:5      | Reached XP level 8. HP: 32/57 MP: 14/14
  4447 | D:5      | Noticed Menkaure
  4471 | D:5      | Killed Menkaure
  4471 | D:5      | Reached * piety under Okawaru
  4890 | D:5      | Found an ornate altar of the Wu Jian Council.
  5407 | D:6      | Reached skill level 5 in Invocations
  5407 | D:6      | Reached XP level 9. HP: 65/65 MP: 16/16
  5413 | D:6      | Found a large runed translucent door.
  5417 | D:6      | Found a large runed translucent door.
  5417 | D:6      | Found a shimmering altar of Xom.
  5606 | D:6      | Reached ** piety under Okawaru
  5609 | D:6      | Reached skill level 5 in Spellcasting
  6724 | D:7      | Found a sand-covered staircase.
  6734 | Ossuary  | Entered an ossuary
  7027 | Ossuary  | Reached skill level 8 in Crossbows
  7827 | D:7      | Reached *** piety under Okawaru
  8341 | D:8      | Reached XP level 10. HP: 66/73 MP: 18/18
  8616 | D:8      | Reached skill level 5 in Fighting
  8616 | D:8      | Reached skill level 5 in Short Blades
  8616 | D:8      | Reached skill level 5 in Long Blades
  8616 | D:8      | Reached skill level 5 in Axes
  8616 | D:8      | Reached skill level 5 in Maces & Flails
  8616 | D:8      | Reached skill level 5 in Polearms
  8616 | D:8      | Reached skill level 5 in Staves
  8616 | D:8      | Reached skill level 5 in Slings
  8616 | D:8      | Reached skill level 5 in Bows
  8616 | D:8      | Reached skill level 5 in Throwing
  8616 | D:8      | Reached skill level 5 in Armour
  8616 | D:8      | Reached skill level 5 in Stealth
  8616 | D:8      | Reached skill level 5 in Shields
  8616 | D:8      | Reached skill level 5 in Unarmed Combat
  8616 | D:8      | Reached skill level 5 in Evocations
  9090 | D:8      | Found a staircase to the Lair.
  9090 | D:8      | Noticed a death yak
  9108 | D:8      | Demolished by a death yak

Illustrated notes

Levels and vault maps discovered:
D:1:      grunt_arrival_crossed_arrows, layout_rooms, serial_shops,
          nicolae_shop_stone
D:2:      layout_rooms, serial_shops, nicolae_square_shop, basic_altar,
          kennysheep_generic_room_12, uniq_sigmund, uniq_robin
D:3:      layout_basic, portal_sewer_entry_a, kennysheep_cross_room,
          eino_curves_04
D:4:      layout_basic, serial_shops, nicolae_shop_bloodbath_and_beyond,
          grunt_ministairs_14, minivault_26, uniq_edmund
D:5:      layout_rooms, nzn_wu_jian_contemplation,
          minmay_temple_entry_enclosed_plants, uniq_menkaure
D:6:      due_chaos_kobolds, layout_rooms
D:7:      layout_cave_pods, enter_ossuary_1
D:8:      layout_basic, david_lair_generic, uniq_prince_ribbit1
Temple:   mainiacjoe_temple_starburst

Skill      XL: |  1  2  3  4  5  6  7  8  9 10 |
---------------+-------------------------------+-----
Fighting       | 1 2 3 4 5 |  5.1
Short Blades   | 1 2 3 4 5 |  5.1
Long Blades    | 1 2 3 4 5 |  5.1
Axes           | 1 2 3 4 5 |  5.1
Maces & Flails | 1 2 3 4 5 |  5.1
Polearms       | 1 2 3 4 5 |  5.1
Staves         | 1 2 3 4 5 |  5.1
Slings         | 1 2 3 4 5 |  5.1
Bows           | 1 2 3 4 5 |  5.1
Throwing       | 1 2 3 4 5 |  5.1
Armour         | 1 2 3 4 5 |  5.1
Stealth        | 1 2 3 4 5 |  5.1
Shields        | 1 2 3 4 5 |  5.1
Unarmed Combat | 1 2 3 4 5 |  5.1
Evocations     | 1 2 3 4 5 |  5.1
Spellcasting   | 3 4 5 |  5.9
Conjurations   | 1 2 3 4 |  4.2
Hexes          | 1 2 3 4 |  4.2
Summonings     | 1 2 3 4 |  4.2
Necromancy     | 1 2 3 4 |  4.2
Transmutations | 1 2 3 4 |  4.2
Fire Magic     | 1 2 3 4 |  4.2
Ice Magic      | 1 2 3 4 |  4.2
Air Magic      | 1 2 3 4 |  4.2
Earth Magic    | 1 2 3 4 |  4.2
Poison Magic   | 1 2 3 4 |  4.2
Invocations    | 3 4 5 6 |  6.2
Dodging        | 5 6 |  6.9
Crossbows      | 7 8 |  8.4
Translocations | 6 7 |  7.0

Action                   |  1- 3 |  4- 6 |  7- 9 | 10-12 || total
-------------------------+-------+-------+-------+-------++-------
Melee: War axe           |       |       |    42 |    55 ||    97
       Bite              |       |       |     4 |     8 ||    12
       Punch             |       |       |     2 |     1 ||     3
 Fire: Hand crossbow     |    85 |   128 |   373 |     8 ||   594
  Use: Potion            |       |       |     2 |     2 ||     4
 Stab: Sleeping          |       |       |     2 |       ||     2
Armor: Leather armour    |    11 |    14 |   101 |    21 ||   147
Dodge: Dodged            |    22 |    50 |   228 |    62 ||   362
